 Dungeon Crawl Stone Soup version 0.21-a0-331-gfb491b4 (webtiles) character file.

14449 4thArraOfDagon the Fighter (level 12, -6/162 HPs)
             Began as a Gnoll Wanderer on Oct 2, 2017.
             Was a Priest of the Shining One.
             Mangled by an orc
             ... wielding a +2 hand axe of electrocution
              (13 damage)
             ... on level 12 of the Dungeon.
             The game lasted 00:28:36 (5715 turns).

4thArraOfDagon the Fighter (Gnoll Wanderer)         Turns: 5715, Time: 00:28:36

Health: -6/162     AC: 33    Str: 14    XL:     12   Next: 16%
Magic:  22/22      EV:  2    Int: 21    God:    the Shining One [***...]
Gold:   24         SH:  0    Dex: 23    Spells: 17/24 levels left

rFire    . . .     SeeInvis .   I - +11 flail of the Tomato {protect, rC++}
rCold    + + .     Gourm    .   (no shield)
rNeg     + + +     Faith    .   (armour currently unavailable)
rPois    +         Spirit   .   (helmet currently unavailable)
rElec    .         Reflect  .   (cloak currently unavailable)
rCorr    .         Harm     .   (gloves currently unavailable)
MR       .....     NoTele   +   (boots currently unavailable)
Stlth    ++........             (no amulet)
HPRegen  0.00/turn              F - +1 ring of evasion
MPRegen  0.18/turn              x - ring of positive energy

@: agile, tree-form, protection aura, glowing
A: distributed training, agile 1, clever 1, robust 1, screaming 1, inhibited
regeneration, strong nose
a: Divine Shield, Renounce Religion


You were on level 12 of the Dungeon.
You worshipped the Shining One.
The Shining One was most pleased with you.
You were not hungry.
You were a tree.
You visited 2 branches of the dungeon, and saw 13 of its levels.
You also visited: Sewer.

You collected 516 gold pieces.
You spent 492 gold pieces at shops.

Inventory:

Hand Weapons
 b - a +0 hand axe
 d - a +1 blowgun
 g - the +8 halberd of the Vestibule of Hell {chop, rElec rN+}
   (You found it on level 7 of the Dungeon)

   It inflicts extra damage upon your enemies.
   It insulates you from electricity.
   It protects you from negative energy.
 l - the cursed +1 short sword of Asalipal {vamp, MP+9 Int+4, unknown}
   (You found it on level 10 of the Dungeon)

   It inflicts no extra harm, but heals its wielder when it wounds a living foe.
   It affects your intelligence (+4).
   It affects your magic capacity (+9).
   It has a curse placed upon it.
   The Shining One disapproves of the use of such an item.
 s - a +0 war axe
 I - the +11 flail of the Tomato (weapon) {protect, rC++}
   (You found it on level 10 of the Dungeon)

   It protects the one who uses it against injury (+AC on strike).
   It greatly protects you from cold.
Missiles
 D - 4 curare-tipped needles
Armour
 a - a +3 scale mail
 m - the +2 ring mail "Tagym" (melded) {rPois rF+ Str+2}
   (You bought it in a shop on level 5 of the Dungeon)

   It affects your strength (+2).
   It protects you from fire.
   It protects you from poison.
 u - a +0 helmet
 G - a +0 helmet
 M - a +0 cloak (melded)
 O - a +1 hat (melded)
Jewellery
 o - an uncursed ring of see invisible
 x - a ring of positive energy (right branch)
 F - a +1 ring of evasion (left branch)
 H - a +2 ring of intelligence
Wands
 c - a wand of disintegration (0/24)
 y - a wand of paralysis (0/24)
 B - a wand of iceblast (0/15)
 C - a wand of lightning (0/15)
Scrolls
 i - 2 scrolls of remove curse
 j - a scroll of fog
 r - a scroll of fear
 t - 4 scrolls of enchant armour
 E - 3 scrolls of immolation
 J - a scroll of identify
 L - 2 scrolls of amnesia
 N - a scroll of teleportation
Potions
 h - 2 potions of brilliance
 p - 2 potions of resistance
 q - 5 potions of flight
 v - 5 potions of might
 w - 2 potions of cancellation
Books
 e - a book of Geomancy

   Spells                             Type                      Level
   a - Sandblast                      Earth                        1
   b - Passwall                       Transmutation/Earth          2
   c - Stone Arrow                    Conjuration/Earth            3
   d - Petrify                        Transmutation/Earth          4
   e - Lee's Rapid Deconstruction     Earth                        5
Comestibles
 f - 7 bread rations
 k - 3 meat rations
 n - 13 royal jellies
 P - 3 chunks of flesh


   Skills:
 + Level 10.8 Fighting
 + Level 6.9 Short Blades
 + Level 6.9 Long Blades
 + Level 8.4 Axes
 + Level 6.9 Maces & Flails
 + Level 6.9 Polearms
 + Level 6.9 Staves
 + Level 6.9 Slings
 + Level 7.4 Bows
 + Level 6.9 Crossbows
 + Level 8.4 Throwing
 + Level 7.4 Armour
 + Level 6.9 Dodging
 + Level 6.9 Stealth
   Level 0.0 Stabbing
 + Level 6.9 Shields
   Level 0.0 Traps
 + Level 6.9 Unarmed Combat
 + Level 6.9 Spellcasting
 + Level 6.9 Conjurations
 + Level 6.9 Hexes
 + Level 6.9 Charms
 + Level 6.9 Summonings
 + Level 6.9 Necromancy
 + Level 6.9 Translocations
 + Level 6.9 Transmutations
 + Level 6.9 Fire Magic
 + Level 6.9 Ice Magic
 + Level 6.9 Air Magic
 + Level 6.9 Earth Magic
 + Level 6.9 Poison Magic
 + Level 6.9 Invocations
 + Level 6.9 Evocations


You had 17 spell levels left.
You knew the following spells:

 Your Spells              Type           Power        Failure   Level  Hunger
a - Passwall              Tmut/Erth      #####.....   1%          2    None
b - Lee's Rapid Deconstr  Erth           #####.....   14%         5    #####..


Dungeon Overview and Level Annotations

Branches:
Dungeon (12/15)            Temple (1/1) D:6            Lair (0/6) D:10
    Orc (0/2) D:9

Altars:
Ashenzari
Cheibriados
Dithmenos
Elyvilon
Gozag
Hepliaklqana
Kikubaaqudgha
Makhleb
Nemelex Xobeh
Okawaru
Qazlal
Ru
Sif Muna
Trog
Uskayaw
Vehumet
Wu Jian
Xom
Yredelemnul
Zin
The Shining One

Shops:
D:4 [   D:5 [:*!   D:11 [

Annotations:
D:4 Duvessa
D:10 exclusion: oklob plant
D:11 Grum


Innate Abilities, Weirdness & Mutations

Your experience applies equally to all skills.
((You have very sharp teeth.))
Your uncanny sense of smell can sniff out nearby items.
You are agile. (Dex +2)
Your mind is acute. (Int +2)
You are robust. (+10% HP)
You occasionally shout uncontrollably at your foes.
You do not regenerate when monsters are visible.


Message History

The orc priest hits you but does no damage.
Unknown command.
You sock the orc warrior!
You kill the orc warrior!
The orc wizard points at you and mumbles some strange words.
The magic dart hits you! The orc hits you but does no damage.
The orc barely misses you.
Unknown command.
Unknown command.
You hit the orc priest but do no damage.
The orc priest hits you but does no damage.
The orc wizard casts a spell.
The orc wizard blinks!
The orc hits you but does no damage. The orc barely misses you.
Unknown command.
You barely miss the orc priest.
The orc wizard casts a spell.
The orc wizard blinks!
The orc hits you but does no damage. x2
You are electrocuted!
You die...

##+# #.. ##.o.## #o#
##.....## #o#
##.......###.# #.#
#.........##.#....#
+...o.....'[...o..#
#.........##§#....#
#.....oo###.##..o.#
##...o♣## #.. ...#.
##...## #### #...
##'## #o. #.# o# #.#
##.## ##...##
.#.....##
#........#########.#


You could see an orc priest, 2 orc wizards and 2 orcs.

Vanquished Creatures
  3 two-headed ogres
  A hydra (D:12)
  The ghost of tidbits the Charmwright, a novice GnSk of Cheibriados (D:8)
  An unseen horror (D:11)
  2 ugly things
  A cyclops (D:11)
  2 kobold demonologists (D:11)
  6 hippogriffs
  2 wyverns
  6 yaks (D:9)
  3 hungry ghosts
  Menkaure (D:5)
  Edmund (D:5)
  2 water moccasins
  A floating eye (D:9)
  6 orc warriors
  2 sky beasts (D:9)
  3 black bears
  2 ice beasts
  A hornet zombie (D:9)
  2 phantoms
  4 ogres
  9 centaurs
  A necrophage (D:10)
  3 big kobolds
  6 bullfrogs
  2 gnoll sergeants (D:8)
  Blork the orc (D:5)
  A water moccasin zombie (D:9)
  4 scorpions
  Dowan (D:4)
  A killer bee (D:11)
  8 wights
  3 howler monkeys
  3 crimson imps
  A centaur zombie (D:5)
  3 bullfrog skeletons
  2 bullfrog zombies
  4 jellies
  A gnoll shaman (D:8)
  2 hounds
  Crazy Yiuf (D:5)
  6 orc priests
  3 centaur skeletons
  An iguana (D:7)
  8 orc wizards
  12 worker ants
  7 gnolls
  7 adders
  2 river rats
  2 shadow imps (D:9)
  5 oozes (D:8)
  An adder skeleton (D:10)
  A worm (D:3)
  5 leopard geckos
  39 orcs
  2 giant cockroaches
  2 goblins
  5 hobgoblins
  6 jackals
  3 quokkas
  A ball python (D:3)
  5 bats
  7 frilled lizards
  A jackal skeleton (D:6)
  10 kobolds
  2 quokka skeletons
  2 quokka zombies (D:5)
  11 rats
266 creatures vanquished.

Notes
Turn   | Place    | Note
-------+----------+-------------------------------------------
     0 | D:1      | 4thArraOfDagon the Gnoll Wanderer began the quest for the Orb.
     0 | D:1      | 4thArraOfDagon set off with: a +2 scale mail, a +0 hand axe, 13 poisoned needles, a +0 blowgun, a bread ration
     0 | D:1      | Reached XP level 1. HP: 26/26 MP: 1/1
   138 | D:1      | Reached XP level 2. HP: 33/33 MP: 2/2
   157 | D:2      | Found an opulent altar of Gozag.
   295 | D:3      | Reached XP level 3. HP: 30/38 MP: 3/3
   407 | D:3      | Found a glowing drain.
   435 | Sewer    | Entered a sewer
   450 | Sewer    | Reached skill level 1 in Short Blades
   450 | Sewer    | Reached skill level 1 in Long Blades
   450 | Sewer    | Reached skill level 1 in Maces & Flails
   450 | Sewer    | Reached skill level 1 in Polearms
   450 | Sewer    | Reached skill level 1 in Staves
   450 | Sewer    | Reached skill level 1 in Slings
   450 | Sewer    | Reached skill level 1 in Crossbows
   450 | Sewer    | Reached skill level 1 in Dodging
   450 | Sewer    | Reached skill level 1 in Stealth
   450 | Sewer    | Reached skill level 1 in Shields
   450 | Sewer    | Reached skill level 1 in Unarmed Combat
   450 | Sewer    | Reached skill level 1 in Spellcasting
   450 | Sewer    | Reached skill level 1 in Conjurations
   450 | Sewer    | Reached skill level 1 in Hexes
   450 | Sewer    | Reached skill level 1 in Charms
   450 | Sewer    | Reached skill level 1 in Summonings
   450 | Sewer    | Reached skill level 1 in Necromancy
   450 | Sewer    | Reached skill level 1 in Translocations
   450 | Sewer    | Reached skill level 1 in Transmutations
   450 | Sewer    | Reached skill level 1 in Fire Magic
   450 | Sewer    | Reached skill level 1 in Ice Magic
   450 | Sewer    | Reached skill level 1 in Air Magic
   450 | Sewer    | Reached skill level 1 in Earth Magic
   450 | Sewer    | Reached skill level 1 in Poison Magic
   450 | Sewer    | Reached skill level 1 in Invocations
   450 | Sewer    | Reached skill level 1 in Evocations
   571 | Sewer    | Noticed a big kobold
   595 | Sewer    | Found a white marble altar of Elyvilon.
   606 | Sewer    | Killed a big kobold
   606 | Sewer    | Reached XP level 4. HP: 20/45 MP: 4/6
   606 | Sewer    | Reached XP level 5. HP: 23/51 MP: 4/7
   671 | D:4      | Noticed Duvessa
   671 | D:4      | Noticed Dowan
   765 | D:4      | Found Bots's Armour Shop.
   865 | D:5      | Entered Level 5 of the Dungeon
   934 | D:5      | Found Efuabad's Distillery.
   937 | D:5      | Found Rudiar's Assorted Antiques.
   944 | D:5      | Bought a murky green potion for 23 gold pieces
   944 | D:5      | Bought a scroll labeled LUF LULORREU for 26 gold pieces
   944 | D:5      | Bought a metallic ruby potion for 23 gold pieces
   953 | D:5      | Noticed an ice beast
   958 | D:5      | Noticed Blork the orc
   977 | D:5      | Killed an ice beast
   977 | D:5      | Reached XP level 6. HP: 41/57 MP: 8/8
   984 | D:5      | Killed Blork the orc
   984 | D:5      | Reached skill level 5 in Axes
   984 | D:5      | Reached skill level 5 in Throwing
   996 | D:5      | Found Pijaob's Book Shoppe.
  1016 | D:5      | Noticed a hippogriff
  1025 | D:5      | Killed a hippogriff
  1025 | D:5      | Reached XP level 7. HP: 21/63 MP: 10/10
  1027 | D:5      | Noticed Edmund
  1115 | D:6      | Reached skill level 9 in Fighting
  1159 | D:7      | Got a shimmering halberd
  1160 | D:7      | Identified the +8 halberd of the Vestibule of Hell {chop, rElec rN+} (You found it on level 7 of the Dungeon)
  1272 | D:6      | Reached XP level 8. HP: 42/71 MP: 12/12
  1328 | D:6      | Found a staircase to the Ecumenical Temple.
  1338 | Temple   | Entered the Ecumenical Temple
  1450 | Temple   | Became a worshipper of the Shining One
  1559 | D:6      | Found a glowing silver altar of Zin.
  1559 | D:6      | Found a hide-covered altar of Uskayaw.
  1577 | D:6      | Learned a level 2 spell: Passwall
  1583 | D:6      | Learned a level 5 spell: Lee's Rapid Deconstruction
  1590 | D:6      | Found a burning altar of Makhleb.
  1644 | D:5      | Found Yluora's Antique Armour Shoppe.
  1648 | D:5      | Noticed Menkaure
  1652 | D:5      | Killed Menkaure
  1682 | D:5      | Killed Edmund
  1682 | D:5      | Reached XP level 9. HP: 53/76 MP: 14/14
  1704 | D:5      | Found Becheyh's Antique Armour Shop.
  1801 | D:4      | Killed Dowan
  1833 | D:4      | You fall through a shaft for 3 floors!
  1846 | D:7      | Found a deep blue altar of Sif Muna.
  1968 | D:7      | Found an iron altar of Okawaru.
  2406 | D:6      | Reached skill level 5 in Bows
  2406 | D:6      | Reached skill level 5 in Armour
  2470 | D:6      | Found a sparkling altar of Nemelex Xobeh.
  2614 | D:8      | Found a sacrificial altar of Ru.
  2632 | D:8      | Noticed a two-headed ogre
  2644 | D:8      | Killed a two-headed ogre
  2644 | D:8      | Reached XP level 10. HP: 15/85 MP: 15/17
  2718 | D:8      | Reached * piety under the Shining One
  2904 | D:9      | Gained mutation: You occasionally shout uncontrollably at your foes. [mutagenic meat]
  2905 | D:9      | Gained mutation: You tend to lose your temper in combat. [mutagenic meat]
  2906 | D:9      | Gained mutation: Your mind is acute. (Int +2) [mutagenic meat]
  2907 | D:9      | Gained mutation: You are robust. (+10% HP) [mutagenic meat]
  2908 | D:9      | Lost mutation: You tend to lose your temper in combat. [mutagenic meat]
  3018 | D:9      | Found a snail-covered altar of Cheibriados.
  3097 | D:9      | Reached skill level 5 in Short Blades
  3097 | D:9      | Reached skill level 5 in Long Blades
  3097 | D:9      | Reached skill level 5 in Maces & Flails
  3097 | D:9      | Reached skill level 5 in Polearms
  3097 | D:9      | Reached skill level 5 in Staves
  3097 | D:9      | Reached skill level 5 in Slings
  3097 | D:9      | Reached skill level 5 in Crossbows
  3097 | D:9      | Reached skill level 5 in Dodging
  3097 | D:9      | Reached skill level 5 in Stealth
  3097 | D:9      | Reached skill level 5 in Shields
  3097 | D:9      | Reached skill level 5 in Unarmed Combat
  3097 | D:9      | Reached skill level 5 in Spellcasting
  3097 | D:9      | Reached skill level 5 in Conjurations
  3097 | D:9      | Reached skill level 5 in Hexes
  3097 | D:9      | Reached skill level 5 in Charms
  3097 | D:9      | Reached skill level 5 in Summonings
  3097 | D:9      | Reached skill level 5 in Necromancy
  3097 | D:9      | Reached skill level 5 in Translocations
  3097 | D:9      | Reached skill level 5 in Transmutations
  3097 | D:9      | Reached skill level 5 in Fire Magic
  3097 | D:9      | Reached skill level 5 in Ice Magic
  3097 | D:9      | Reached skill level 5 in Air Magic
  3097 | D:9      | Reached skill level 5 in Earth Magic
  3097 | D:9      | Reached skill level 5 in Poison Magic
  3097 | D:9      | Reached skill level 5 in Invocations
  3097 | D:9      | Reached skill level 5 in Evocations
  3210 | D:8      | Noticed tidbits's ghost (novice GnSk)
  3215 | D:8      | Found a shimmering altar of Xom.
  3240 | D:8      | Killed tidbits's ghost
  3240 | D:8      | Reached skill level 10 in Fighting
  3443 | D:9      | Noticed a two-headed ogre
  3457 | D:9      | Killed a two-headed ogre
  3687 | D:9      | Reached ** piety under the Shining One
  3698 | D:9      | Reached XP level 11. HP: 70/100 MP: 19/19
  3817 | D:9      | Found a staircase to the Orcish Mines.
  3866 | D:9      | Lost mutation: You occasionally shout uncontrollably at your foes. [mutagenic meat]
  3867 | D:9      | Gained mutation: Armour fits poorly on your strangely shaped body. [mutagenic meat]
  3869 | D:9      | Gained mutation: You have a pair of small antennae on your head. [mutagenic meat]
  3885 | D:9      | Lost mutation: You have a pair of small antennae on your head. [potion of mutation]
  3885 | D:9      | Lost mutation: Armour fits poorly on your strangely shaped body. [potion of mutation]
  3885 | D:9      | Lost mutation: You are robust. (+10% HP) [potion of mutation]
  3885 | D:9      | Gained mutation: You do not regenerate when monsters are visible. [potion of mutation]
  3885 | D:9      | Gained mutation: You are agile. (Dex +2) [potion of mutation]
  3885 | D:9      | Gained mutation: You occasionally shout uncontrollably at your foes. [potion of mutation]
  3885 | D:9      | Gained mutation: You are robust. (+10% HP) [potion of mutation]
  3985 | D:10     | Entered Level 10 of the Dungeon
  4083 | D:10     | Found a staircase to the Lair.
  4083 | D:10     | Noticed an oklob plant
  4137 | D:10     | Got a steaming short sword
  4160 | D:10     | Noticed a two-headed ogre
  4162 | D:10     | Killed a two-headed ogre
  4335 | D:10     | Got a twisted flail
  4336 | D:10     | Identified the +11 flail of the Tomato {protect, rC++} (You found it on level 10 of the Dungeon)
  4593 | D:11     | Noticed a cyan ugly thing
  4595 | D:11     | Noticed a cyclops
  4607 | D:11     | Killed a cyan ugly thing
  4609 | D:11     | Killed a cyclops
  4709 | D:11     | Reached *** piety under the Shining One
  4714 | D:11     | Noticed an unseen horror
  4721 | D:11     | Killed an unseen horror
  4767 | D:11     | Found Weteppew's Armour Shoppe.
  4847 | D:11     | Noticed Grum
  4981 | D:5      | Bought an ichor-stained ring mail for 180 gold pieces
  4991 | D:5      | Identified the +2 ring mail "Tagym" {rPois rF+ Str+2} (You bought it in a shop on level 5 of the Dungeon)
  5033 | D:5      | Bought a potion of might for 60 gold pieces
  5033 | D:5      | Bought 2 potions of might for 120 gold pieces
  5033 | D:5      | Bought a potion of agility for 60 gold pieces
  5050 | D:5      | Found a runed door.
  5054 | D:5      | Noticed Crazy Yiuf
  5057 | D:5      | Killed Crazy Yiuf
  5223 | D:8      | Found a sparkling altar of Nemelex Xobeh.
  5566 | D:12     | Reached XP level 12. HP: 97/108 MP: 22/22
  5656 | D:12     | Noticed an eight-headed hydra
  5664 | D:12     | Killed an eight-headed hydra
  5708 | D:12     | HP: 1/162 [orc/hand axe of electrocution (15)]
  5715 | D:12     | Mangled by an orc

Vault maps used:
D:1:      erik_arrival_orb_chamber, minmay_misc_feat_roman,
          serial_bayou_lagoon_a, dk_noncrumbling_2
D:2:      first_bread, grunt_gozag_statues, uniq_sigmund
D:3:      cheibrodos_sewer_entry_sluice
D:4:      serial_shops, kennysheep_little_box, nicolae_shop_trees, uniq_duvessa,
          uniq_grinder
D:5:      enter_ossuary_4, serial_shops, shop, nicolae_shop_behind_doors,
          nicolae_shop_competitors_out_of_business, shop,
          nicolae_shop_overgrown_old_shop, uniq_blork_the_orc, uniq_menkaure,
          uniq_edmund, uniq_crazy_yiuf_cottage
D:6:      fedhas_altar_decomposition, nicolae_overflow_crystal_walls,
          gammafunk_temple_overflow_wave, minmay_temple_entry_large_hall,
          nemelex_diamond_rough_becter
D:7:      kennysheep_mini, okawaru_gym_becter
D:8:      nemelex_xobeh_ov_fountains_minmay,
          nicolae_ru_great_annihilating_truth, old_standard_altar,
          serial_gnoll_camp, gnoll_camp_mini_house, gnoll_camp_mini_doghouse,
          gnoll_camp_mini_hut, gnoll_camp_mini_hut,
          hangedman_little_slice_of_home
D:9:      overflow_temple_1_default, orc_0_dummy, onia_ninara_cookie
D:10:     dpeg_oklobed_lair
D:11:     serial_shops, shop, basic_altar, tgw_xom, uniq_erolcha, uniq_grum
D:12:     serial_shops, nicolae_shop_window_shopping, grunt_ministairs_12,
          hangedman_abyss_or_decor_stagger
Temple:   nicolae_temple_figure_eight
Sewer:    sewer_kobolds

Skill      XL: |  1  2  3  4  5  6  7  8  9 10 11 |
---------------+----------------------------------+-----
Short Blades   | 1 2 3 4 5 6 |  6.9
Long Blades    | 1 2 3 4 5 6 |  6.9
Maces & Flails | 1 2 3 4 5 6 |  6.9
Polearms       | 1 2 3 4 5 6 |  6.9
Staves         | 1 2 3 4 5 6 |  6.9
Slings         | 1 2 3 4 5 6 |  6.9
Crossbows      | 1 2 3 4 5 6 |  6.9
Dodging        | 1 2 3 4 5 6 |  6.9
Stealth        | 1 2 3 4 5 6 |  6.9
Shields        | 1 2 3 4 5 6 |  6.9
Unarmed Combat | 1 2 3 4 5 6 |  6.9
Spellcasting   | 1 2 3 4 5 6 |  6.9
Conjurations   | 1 2 3 4 5 6 |  6.9
Hexes          | 1 2 3 4 5 6 |  6.9
Charms         | 1 2 3 4 5 6 |  6.9
Summonings     | 1 2 3 4 5 6 |  6.9
Necromancy     | 1 2 3 4 5 6 |  6.9
Translocations | 1 2 3 4 5 6 |  6.9
Transmutations | 1 2 3 4 5 6 |  6.9
Fire Magic     | 1 2 3 4 5 6 |  6.9
Ice Magic      | 1 2 3 4 5 6 |  6.9
Air Magic      | 1 2 3 4 5 6 |  6.9
Earth Magic    | 1 2 3 4 5 6 |  6.9
Poison Magic   | 1 2 3 4 5 6 |  6.9
Invocations    | 1 2 3 4 5 6 |  6.9
Evocations     | 1 2 3 4 5 6 |  6.9
Bows           | 3 4 5 6 7 |  7.4
Armour         | 3 4 5 6 7 |  7.4
Axes           | 5 6 7 8 |  8.4
Throwing       | 5 6 7 8 |  8.4
Fighting       | 9 10 | 10.8

Action                   |  1- 3 |  4- 6 |  7- 9 | 10-12 || total
-------------------------+-------+-------+-------+-------++-------
Melee: Hand axe          |   106 |    18 |       |       ||   124
       Bite              |    14 |     9 |    13 |    41 ||    77
       War axe           |       |    40 |    31 |       ||    71
       Punch             |       |     2 |     1 |     7 ||    10
       Halberd           |       |       |   168 |   191 ||   359
       Flail             |       |       |       |   225 ||   225
Invok: Divine Shield     |       |       |       |     1 ||     1
Evoke: Wand              |       |     4 |     3 |    10 ||    17
  Use: Potion            |     2 |     3 |    11 |     9 ||    25
       Scroll            |       |     7 |     7 |     7 ||    21
 Stab: Invisible         |       |     9 |       |       ||     9
       Paralysed         |       |     3 |       |       ||     3
  Eat: Chunk             |       |     1 |     5 |    21 ||    27
       Fruit             |       |       |     1 |     4 ||     5
       Royal jelly       |       |       |       |     1 ||     1
Armor: Scale mail        |    48 |    22 |    91 |   136 ||   297
       Ring mail         |       |       |       |    32 ||    32
       Skin              |       |       |       |    35 ||    35
Dodge: Dodged            |    61 |    34 |   104 |   291 ||   490
Block: Other             |       |       |       |     4 ||     4

Table legend:
 A = Spawn XP
 B = Non-spawn XP
 C = Spawn XP percentage of total XP
 D = Spawn monster count
 E = Non-spawn monster count
 F = Spawn count percentage of total count
 G = Total turns spent on level
                    A         B        C        D         E        F      G
               +---------+---------+-------+---------+---------+-------+---------
         Total |       0 |   20642 |   0.0 |       0 |     266 |   0.0 |  5715
               +---------+---------+-------+---------+---------+-------+---------
           D:1 |       0 |      11 |   0.0 |       0 |       9 |   0.0 |   157
           D:2 |       0 |       3 |   0.0 |       0 |       2 |   0.0 |    90
           D:3 |       0 |      80 |   0.0 |       0 |      19 |   0.0 |   413
           D:4 |       0 |     151 |   0.0 |       0 |       9 |   0.0 |   299
           D:5 |       0 |    1125 |   0.0 |       0 |      18 |   0.0 |   532
           D:6 |       0 |    1358 |   0.0 |       0 |      28 |   0.0 |   485
           D:7 |       0 |     768 |   0.0 |       0 |      15 |   0.0 |   344
           D:8 |       0 |    2782 |   0.0 |       0 |      31 |   0.0 |   615
           D:9 |       0 |    4441 |   0.0 |       0 |      47 |   0.0 |  1170
          D:10 |       0 |    1923 |   0.0 |       0 |      11 |   0.0 |   501
          D:11 |       0 |    5030 |   0.0 |       0 |      54 |   0.0 |   482
          D:12 |       0 |    2801 |   0.0 |       0 |      14 |   0.0 |   242
        Temple |       0 |      43 |   0.0 |       0 |       1 |   0.0 |   180
         Sewer |       0 |     126 |   0.0 |       0 |       8 |   0.0 |   205
               +---------+---------+-------+---------+---------+-------+---------
